 Dungeon Crawl Stone Soup version 0.29-a0-266-gf56f883ddd (webtiles) character file.

Game seed: 12981088984817027526

69 spaghetti the Skirmisher (level 3, -4/31 HPs)
             Began as a Demigod Artificer on Mar 7, 2022.
             Slain by a gnoll
             ... wielding a +0 halberd
              (9 damage)
             ... on level 2 of the Dungeon.
             The game lasted 00:03:09 (1830 turns).

spaghetti the Skirmisher (Demigod Artificer)        Turns: 1830, Time: 00:03:10

Health: -4/31      AC:  3    Str: 17    XL:     3   Next: 75%
Magic:  5/5        EV: 11    Int: 13    God:
Gold:   59         SH:  0    Dex: 14    Spells: 2/2 levels left

rFire   . . .      SeeInvis .   a - +0 club {mace}
rCold   . . .      Faith    .   (no shield)
rNeg    . . .      Spirit   .   b - +0 leather armour
rPois   .          Reflect  .   (no helmet)
rElec   .          Harm     .   (no cloak)
rCorr   .          Rampage  .   (no gloves)
Will    .....                   (no boots)
Stlth   +.........              (no amulet)
HPRegen 0.10/turn               (no ring)
MPRegen 0.09/turn               (no ring)

@: no status effects
A: high MP 1, forlorn, divine attributes
a: no special abilities


You were on level 2 of the Dungeon.
You visited 1 branch of the dungeon, and saw 2 of its levels.

You collected 59 gold pieces.


Innate Abilities, Weirdness & Mutations

You have an increased reservoir of magic. (+10% MP)
You shall have no god before yourself.
Your divine heritage dramatically boosts your attributes as you level up.


   Skills:
 + Level 3.5 Fighting
 - Level 1.7 Armour
 - Level 0.8 Dodging
 - Level 0.8 Stealth
 - Level 2.6 Evocations


You had 2 spell levels left.
You didn't know any spells.
Your spell library was empty.

Inventory:

Hand Weapons
 a - a +0 club (weapon) {mace}
Missiles
 f - 11 stones (quivered) {throwing}
Armour
 b - a +0 leather armour (worn)
Magical Staves
 g - a staff of fire {!astaff}
   (You found it on level 2 of the Dungeon)
Wands
 d - a wand of charming (8)
 e - a wand of iceblast (9)

Dungeon Overview and Level Annotations

Branches:
Dungeon (2/15)

Annotations:
D:2 Natasha

#. .g# # ..# .. ##
.#.. #g# ...###
..... g. .#...##
#....###g#
(......#.###..g#..
......##...###Kgg#
#.....#......###@#
..#..##........#'#
.....#.......#...#
##..##..#.$..##.##
(#..#..#..#.....#
...##.#.....##.##
##.+)..........#
#####...(#.#.##
###......#####


You could see a gnoll, a hobgoblin, 4 goblins, a kobold and a friendly hobgoblin
(charmed).


Message History

The endoplasm attacks as you move away! The endoplasm hits you.
The kobold closely misses you. 😮 HP[-3]
You take 3 damage, and now have 18/31 hp.
Natasha attacks as you move away! Natasha misses you.
The kobold hits you with a +0 whip.
* * * LOW HITPOINT WARNING * * *
😨 HP[-3]
You take 3 damage, and now have 15/31 hp.
The endoplasm attacks as you move away! The endoplasm closely misses you.
There is an open door here.
You closely miss the kobold.
The kobold closely misses you. x2 😮 HP[+1]
You miss the kobold. The kobold closely misses you.
You barely miss the kobold.
Natasha mumbles some strange words.
The kobold hits you with a +0 whip.
* * * LOW HITPOINT WARNING * * *
😨 HP[-2]
You take 2 damage, and now have 14/31 hp.
You hit the kobold.
You kill the kobold!
The endoplasm freezes you.
You are frozen.
* * * LOW HITPOINT WARNING * * *
😨 HP[-5]
You take 5 damage, and now have 9/31 hp.
The endoplasm attacks as you move away! The endoplasm barely misses you.
Aiming: Throw Flame
Press: ? - help, Shift-Dir - straight line, f - endoplasm
Aim: an endoplasm (98% to hit)
The puff of flame hits the endoplasm.
The now-empty wand crumbles to dust.
The endoplasm barely misses you.
Aiming: Charm
Press: ? - help, Shift-Dir - straight line, f/p - endoplasm
Aim: an endoplasm (heavily wounded, chance to affect: 72%)
The endoplasm is charmed.
Natasha mewls in sadness.
Natasha claws your endoplasm.
Your endoplasm dies!
Aiming: Charm
Press: ? - help, Shift-Dir - straight line, f - Natasha
Aim: Natasha (moderately wounded, chance to affect: 55%) Natasha is charmed.
The shadow imp disappears in a puff of smoke!
What are your orders? t - Shout!
Orders for allies: a - Attack new target. p - Attack previous target. r - Retreat! s - Stop attacking. g - Guard the area. f - Follow me.
Anything else - Cancel.
Guard this area! 😨 HP[+1]
There is an open door here.
Things that are here:
a +0 whip {mace}; a kobold corpse You close the door.
You now have 59 gold pieces (gained 6). 😨 HP[+1]
There is an open door here.
A goblin, 2 hobgoblins and a kobold come into view.
The goblin shouts!
The kobold shouts!
You hear a shout! x3
You hear an angry hiss.
A gnoll comes into view. It is wielding a +0 halberd.
A goblin comes into view. It is wielding a +0 club.
A goblin comes into view. It is wielding a +0 dagger.
You hear an angry hiss.
You close the door.
A goblin comes into view. It is wielding a +0 dagger. 😨 HP[+1]
Aiming: Charm
Press: ? - help, Shift-Dir - straight line, f - hobgoblin
Aim: a hobgoblin (chance to affect: 72%)
The hobgoblin struggles to resist.
The hobgoblin hits you.
* * * LOW HITPOINT WARNING * * *
😨 HP[-2]
You take 2 damage, and now have 10/31 hp.
Aiming: Charm
Press: ? - help, Shift-Dir - straight line, f/p - hobgoblin
Aim: a hobgoblin (chance to affect: 72%)
The hobgoblin struggles to resist.
The hobgoblin barely misses you.
Aiming: Charm
Press: ? - help, Shift-Dir - straight line, f/p - hobgoblin
Aim: a hobgoblin (chance to affect: 72%)
The hobgoblin struggles to resist.
The hobgoblin hits you.
* * * LOW HITPOINT WARNING * * *
😱 HP[-4]
You take 4 damage, and now have 6/31 hp.
Aiming: Charm
Press: ? - help, Shift-Dir - straight line, f/p - hobgoblin
Aim: a hobgoblin (chance to affect: 72%)
The hobgoblin is charmed.
The goblin shouts!
A goblin comes into view. It is wielding a +0 club.
The kobold barely misses your hobgoblin.
Okay, then.
You open the door. The hobgoblin hits you.
* * * LOW HITPOINT WARNING * * *
The gnoll hits you from afar with a +0 halberd!
You die...

Skill      XL: |  1  2  3 |
---------------+----------+-----
Fighting       | 2 3 |  3.5
Armour         | |  1.7
Dodging        | |  0.8
Stealth        | |  0.8
Evocations     | |  2.6

Action                   || total
-------------------------++-------
Melee: Club              ||   116
       Punch             ||     4
Throw: Stone             ||    18
Evoke: Wand              ||    22
  Use: Scroll            ||     1
 Stab: Sleeping          ||     1
Armor: Leather armour    ||    51
Dodge: Dodged            ||   150

Levels and vault maps discovered:
D:1:      psy_arrival_wood_between_worlds, layout_rooms
D:2:      minmay_skewed_foursquare, layout_loops_cross,
          chequers_ecumenical_altar_simple_redux, nrook_mini_vaults, uniq_robin,
          uniq_natasha

Notes
Turn   | Place    | Note
-------+----------+-------------------------------------------
     0 | D:1      | spaghetti the Demigod Artificer began the quest for the
                  | Orb.
     0 | D:1      | Reached XP level 1. HP: 15/15 MP: 3/3
     0 | D:1      | magus.rc [v1.9.6]
    22 | D:1      | Reached skill level 1 in Fighting
   123 | D:1      | HP: 3/16 [kobold/+0 club (2)]
   441 | D:2      | Noticed Natasha
   446 | D:2      | Killed Natasha
   447 | D:2      | Reached skill level 2 in Fighting
   447 | D:2      | Reached XP level 2. HP: 8/25 MP: 4/4
   447 | D:2      | Reached XP level 3. HP: 10/30 MP: 5/5
   534 | D:1      | Reached skill level 3 in Fighting
  1421 | D:2      | Noticed Natasha
  1433 | D:2      | HP: 3/31 [Natasha/magic dart (6)]
  1436 | D:2      | Killed Natasha
  1782 | D:2      | Noticed Natasha
  1828 | D:2      | HP: 6/31 [hobgoblin (4)]
  1830 | D:2      | Slain by a gnoll

Vanquished Creatures
  Natasha (twice) (D:2)
  A ball python (D:2)
  5 bats
  An endoplasm (D:1)
  A giant cockroach (D:2)
  6 goblins
  2 hobgoblins
  4 jackals (D:1)
  4 kobolds
  2 quokkas
  A frilled lizard (D:1)
  5 rats
34 creatures vanquished.

Vanquished Creatures (collateral kills)
  A kobold (D:2)
1 creature vanquished.

Vanquished Creatures (others)
  An endoplasm (D:2)
1 creature vanquished.

Grand Total: 36 creatures vanquished

Table legend:
 A = Non-vault XP
 B = Vault XP
 C = Vault XP percentage of total XP
 D = Non-vault monster count
 E = Vault monster count
 F = Vault count percentage of total count
                 A         B        C        D         E       F
            +---------+---------+-------+---------+---------+-------
      Total |      60 |      39 |  39.4 |      33 |       3 |   8.3
            +---------+---------+-------+---------+---------+-------
        D:1 |      35 |       0 |   0.0 |      21 |       0 |   0.0
        D:2 |      25 |      39 |  60.9 |      12 |       3 |  20.0
            +---------+---------+-------+---------+---------+-------

Illustrated notes

Table legend:
 A = Kills in this place as a percentage of kills in entire the game.
 B = Kills by you in this place as a percentage of kills by you in the entire game.
 C = Kills by friends in this place as a percentage of kills by friends in the entire game.
 D = Other kills in this place as a percentage of other kills in the entire game.
 E = Experience gained in this place as a percentage of experience gained in the entire game.
 F = Experience gained in this place divided by the number of levels of this place that you have seen.
                   A       B       C       D       E      F
               +-------+-------+-------+-------+-------+----------------------
         Total | 100.0 | 100.0 | 100.0 | 100.0 | 100.0 |  49.5
       Dungeon | 100.0 | 100.0 | 100.0 | 100.0 | 100.0 |  49.5
               +-------+-------+-------+-------+-------+----------------------

Table legend: (Time is in decaauts)
 A = Elapsed time spent in this place.
 B = Non-inter-level travel time spent in this place.
 C = Inter-level travel time spent in this place.
 D = Time resting spent in this place.
 E = Time spent auto-exploring this place.
 F = Levels seen in this place.
 G = Mean time per level.
                   A        B        C        D        E       F      G
               +--------+--------+--------+--------+--------+-----+--------+
         Total |   1868 |   1849 |     19 |    644 |    869 |   2 |  934.0 |
       Dungeon |   1868 |   1849 |     19 |    644 |    869 |   2 |  934.0 |
               +--------+--------+--------+--------+--------+-----+--------+

Top non-repeatable levels by time:
     D:1: 1342 daAuts
     D:2: 525 daAuts
